 Dungeon Crawl Stone Soup version 0.30-a0-718-geaa24f58ff (webtiles) character file.

Game seed: 7051429211918895968

431 RapScallion the Chopper (level 7, -3/61 HPs)
             Began as a Hill Orc Fighter on Jan 26, 2023.
             Was an Initiate of Okawaru.
             Slain by an iguana (7 damage)
             ... on level 5 of the Dungeon.
             The game lasted 00:14:01 (3474 turns).

RapScallion the Chopper (Hill Orc Fighter)          Turns: 3474, Time: 00:14:01

Health: -3/61      AC:  8    Str: 21    XL:     7   Next: 0%
Magic:  7/7        EV:  9    Int:  8    God:    Okawaru [......]
Gold:   256        SH:  4    Dex: 10    Spells: 6/6 levels left

rFire   . . .      SeeInvis .    a - +1 war axe
rCold   . . .      Faith    .    c - +0 buckler
rNeg    . . .      Spirit   .    b - +0 scale mail
rPois   .          Reflect  .    z - +0 helmet
rElec   .          Harm     .    (no cloak)
rCorr   .          Rampage  .    (no gloves)
Will    .....                    (no boots) Stlth
                                 (no amulet)
HPRegen 0.30/turn                (no ring)
MPRegen 0.10/turn                (no ring)

@: no status effects
A: no striking features
a: Renounce Religion


You were on level 5 of the Dungeon.
You worshipped Okawaru.
Okawaru was noncommittal.
You visited 1 branch of the dungeon, and saw 5 of its levels.

You collected 256 gold pieces.

Inventory:

Hand Weapons
 a - a +1 war axe (weapon)
 k - a +4 dagger
Armour
 b - a +0 scale mail (worn)
 c - a +0 buckler (worn)
 z - a +0 helmet (worn)
Jewellery
 o - a ring of protection from cold
Wands
 n - a wand of flame (13)
Scrolls
 e - a scroll of noise {unknown}
 f - a scroll of fear
 i - a scroll of silence {unknown}
 j - a scroll of poison {unknown}
 q - a scroll of torment {unknown}
 r - a scroll of amnesia (quivered)
 s - a scroll of teleportation {unknown}
 t - a scroll of fog {unknown}
 w - a scroll of enchant weapon
 x - a scroll of magic mapping {unknown}
Potions
 d - 2 potions of might
 g - 2 potions of brilliance
 h - 2 potions of haste
 l - 5 potions of curing
 m - a potion of flight {unknown}
 p - a potion of mutation {unknown}
 u - 3 potions of attraction
 v - a potion of berserk rage {unknown}


   Skills:
 - Level 5.0 Fighting
 + Level 7.7 Axes
 - Level 4.2 Armour
 - Level 0.2 Dodging
 - Level 0.2 Stealth
 - Level 3.7 Shields


You had 6 spell levels left.
You didn't know any spells.
Your spell library contained the following spells:

 Spells                   Type           Power      Damage    Failure   Level
 Shock                    Conj/Air       0%         1d3       83%         1
 Swiftness                Air            0%         N/A       99%         3
 Airstrike                Air            0%         2d(0-16)  100%        4


Dungeon Overview and Level Annotations

Branches:
Dungeon (5/15)             Temple (0/1) D:4

Altars:
Okawaru
Ru
Sif Muna
Trog
The Shining One

Shops:
D:2 [   D:3 !


Message History

An iguana comes into view.
The iguana hisses angrily.
An iguana comes into view.
The iguana hisses angrily.
The iguana bites you!
You hit the iguana.
The iguana is lightly wounded.
The iguana bites you.
You barely miss the iguana.
The iguana is lightly wounded.
The iguana bites you.
You closely miss the iguana.
The iguana is lightly wounded.
You hit the iguana. The iguana bites you! You block the iguana's attack.
You closely miss the iguana.
The iguana is lightly wounded.
You hit the iguana. The iguana closely misses you. x2
You hit the iguana.
The iguana is severely wounded.
You hit the iguana. The iguana barely misses you. The iguana bites you!
You hit the iguana but do no damage.
The iguana is severely wounded.
You hit the iguana but do no damage. The iguana closely misses you.
The iguana bites you! The iguana closely misses you.
You block the iguana's attack.
You closely miss the iguana.
The iguana is moderately wounded.
You hit the iguana. The iguana bites you.
* * * LOW HITPOINT WARNING * * *
The iguana bites you!
* * * LOW HITPOINT WARNING * * *
You hit the iguana but do no damage.
The iguana is moderately wounded.
You barely miss the iguana. The iguana bites you.
* * * LOW HITPOINT WARNING * * *
The iguana barely misses you.
You barely miss the iguana.
The iguana is moderately wounded.
You barely miss the iguana. The iguana bites you!
You die...

## . ## . ..
#.#. #.#.
#..
#.#########
##l@l......
##.#####....
#.<# #
#....#
........#
..##.(.## #
##.# .. .#.


You could see 2 iguanas.

Vanquished Creatures
  A phantom (D:5)
  A jelly (D:4)
  A hound (D:4)
  2 iguanas
  2 orc wizards
  Natasha (thrice) (D:2)
  A gnoll (D:1)
  2 adders
  A worm (D:2)
  2 dart slugs
  An orc (D:4)
  7 ball pythons
  9 endoplasms
  6 giant cockroaches
  11 goblins
  7 hobgoblins
  A jackal (D:4)
  5 kobolds
  5 quokkas
  5 bats
  7 frilled lizards
  7 rats
87 creatures vanquished.

Notes
Turn   | Place    | Note
-------+----------+-------------------------------------------
     0 | D:1      | RapScallion the Hill Orc Fighter began the quest for the
                  | Orb.
     0 | D:1      | Reached XP level 1. HP: 19/19 MP: 1/1
    47 | D:1      | Reached XP level 2. HP: 19/27 MP: 2/2
   152 | D:1      | Reached skill level 3 in Axes
   190 | D:1      | Reached XP level 3. HP: 24/33 MP: 3/3
   738 | D:2      | Identified the +9 sling of Innocence {freeze, rF- rCorr
                  | Int+5 SInv}
   930 | D:2      | Found Gahuikhu's Armour Boutique.
   944 | D:2      | Noticed Natasha
   949 | D:2      | Killed Natasha
   950 | D:2      | Reached skill level 4 in Axes
   950 | D:2      | Reached XP level 4. HP: 37/40 MP: 4/4
  1145 | D:2      | Noticed Natasha
  1156 | D:2      | Killed Natasha
  1157 | D:2      | Reached skill level 5 in Axes
  1382 | D:2      | Noticed Natasha
  1403 | D:2      | Killed Natasha
  1404 | D:2      | Reached XP level 5. HP: 21/46 MP: 5/5
  1716 | D:3      | Found Ilimimin's Distillery.
  1725 | D:3      | Found a sacrificial altar of Ru.
  1748 | D:3      | Found a bloodstained altar of Trog.
  1828 | D:3      | Found an iron altar of Okawaru.
  1859 | D:3      | Became a worshipper of Warmaster Okawaru
  2324 | D:3      | Found a glowing golden altar of the Shining One.
  2504 | D:4      | Noticed an ogre
  2609 | D:4      | Found a shimmering blue altar of Sif Muna.
  2645 | D:4      | Reached skill level 6 in Axes
  2669 | D:4      | Reached XP level 6. HP: 40/53 MP: 6/6
  3009 | D:4      | Found a staircase to the Ecumenical Temple.
  3344 | D:5      | Entered Level 5 of the Dungeon
  3374 | D:5      | Reached skill level 5 in Fighting
  3374 | D:5      | Reached skill level 7 in Axes
  3457 | D:4      | Reached XP level 7. HP: 61/61 MP: 7/7
  3473 | D:5      | HP: 3/61 [iguana (6)]
  3474 | D:5      | Slain by an iguana

Illustrated notes

Levels and vault maps discovered:
D:1:      psy_arrival_spokes, layout_loops_ring, minmay_small_reverse_x
D:2:      layout_basic, serial_shops, nicolae_shop_crystal, dk_noncrumbling_3,
          roderic_serpentine_path, uniq_natasha
D:3:      layout_basic, tso_oasis_becter, trog_book,
          mainiacjoe_overflow_catwalk, nicolae_ru_great_annihilating_truth,
          serial_shops, shop
D:4:      layout_cave_pools, mainiacjoe_overflow_alcove_2,
          minmay_temple_entry_statues_pillars, minmay_vboxes
D:5:      layout_loops_ring, amcnicky_altar_gilded, overflow_temple_1_default,
          uniq_ijyb, uniq_blork_the_orc

Skill      XL: |  1  2  3  4  5  6 |
---------------+-------------------+-----
Fighting       | 4 5 |  5.0
Axes           | 3 4 5 6 7 |  7.7
Armour         | 4 |  4.2
Dodging        | |  0.2
Stealth        | |  0.2
Shields        | |  3.7

Action                     |  1- 3 |  4- 6 |  7- 9 || total
---------------------------+-------+-------+-------++-------
  Melee: War axe           |   102 |   155 |     9 ||   266
    Use: Scroll            |     3 |     4 |       ||     7
   Stab: Invisible         |       |     1 |       ||     1
 Armour: Scale mail        |    45 |    60 |       ||   105
  Dodge: Dodged            |    46 |    87 |     6 ||   139
  Block: Buckler           |    17 |    27 |     2 ||    46

Table legend: (Time is in decaauts)
 A = Elapsed time spent in this place.
 B = Non-inter-level travel time spent in this place.
 C = Inter-level travel time spent in this place.
 D = Time resting spent in this place.
 E = Time spent auto-exploring this place.
 F = Levels seen in this place.
 G = Mean time per level.
                   A        B        C        D        E       F      G
               +--------+--------+--------+--------+--------+-----+--------+
         Total |   3563 |   3424 |    139 |    376 |   1429 |   5 |  712.6 |
       Dungeon |   3563 |   3424 |    139 |    376 |   1429 |   5 |  712.6 |
               +--------+--------+--------+--------+--------+-----+--------+

Top non-repeatable levels by time:
     D:2: 978 daAuts
     D:3: 911 daAuts
     D:4: 852 daAuts
     D:1: 763 daAuts
     D:5: 58 daAuts
